 Dungeon Crawl Stone Soup version 0.22-a0-605-g9281fa2 (webtiles) character file.

9 chorionicmirror the Charmwright (level 2, -2/23 HPs)
             Began as a Gnoll Wanderer on July 8, 2018.
             Slain by a kobold
             ... wielding a +0 short sword
              (4 damage)
             ... on level 1 of the Dungeon.
             The game lasted 00:01:14 (109 turns).

chorionicmirror the Charmwright (Gnoll Wanderer)     Turns: 109, Time: 00:01:15

Health: -2/23      AC:  2    Str: 13    XL:     2   Next: 12%
Magic:  5/5        EV: 11    Int: 15    God:
Gold:   22         SH:  0    Dex: 14    Spells: 6/6 levels left

rFire    . . .     SeeInvis .   c - +0 falchion
rCold    . . .     Gourm    .   (no shield)
rNeg     . . .     Faith    .   d - +0 robe
rPois    .         Spirit   .   (no helmet)
rElec    .         Reflect  .   (no cloak)
rCorr    .         Harm     .   (no gloves)
MR       .....                  (no boots)
Stlth    +++.......             (no amulet)
HPRegen  0.07/turn              (no ring)
MPRegen  0.09/turn              (no ring)

@: no status effects
A: distributed training, fangs 1, strong nose
a: no special abilities


You were on level 1 of the Dungeon.
You were not hungry.

You visited 1 branch of the dungeon, and saw 1 of its levels.

You collected 22 gold pieces.

Inventory:

Hand Weapons
 c - a +0 falchion (weapon)
 e - a +0 dagger
Armour
 d - a +0 robe (worn)
Wands
 a - a wand of flame (15)
Scrolls
 b - a scroll of enchant armour {unknown}
 h - a scroll of teleportation {unknown}
Comestibles
 f - a ration
 g - 5 chunks of flesh


   Skills:
 + Level 2.4 Fighting
 + Level 0.2 Short Blades
 + Level 2.4 Long Blades
 + Level 0.2 Axes
 + Level 0.2 Maces & Flails
 + Level 0.2 Polearms
 + Level 0.2 Staves
 + Level 0.2 Slings
 + Level 0.2 Bows
 + Level 0.2 Crossbows
 + Level 0.2 Throwing
 + Level 0.2 Armour
 + Level 0.2 Dodging
 + Level 4.0 Stealth
 + Level 0.2 Shields
 + Level 0.2 Unarmed Combat
 + Level 2.6 Spellcasting
 + Level 0.1 Conjurations
 + Level 0.1 Hexes
 + Level 5.3 Charms
 + Level 0.1 Summonings
 + Level 0.1 Necromancy
 + Level 0.1 Translocations
 + Level 0.1 Transmutations
 + Level 2.0 Fire Magic
 + Level 0.1 Ice Magic
 + Level 0.1 Air Magic
 + Level 0.1 Earth Magic
 + Level 0.1 Poison Magic
 + Level 0.3 Invocations
 + Level 2.4 Evocations


You had 6 spell levels left.
You didn't know any spells.
Your spell library contained the following spells:

 Spells                   Type           Power        Failure   Level  Hunger
 Ignite Poison            Fire/Tmut/Pois #.......     41%         3    ###....
 Beastly Appendage        Tmut           #.....       19%         1    #......


Dungeon Overview and Level Annotations

Branches:
Dungeon (1/15)

Altars:


Innate Abilities, Weirdness & Mutations

Your experience applies equally to all skills.
You have very sharp teeth.
Your uncanny sense of smell can sniff out nearby items.


Message History

You hit the jackal but do no damage. The kobold hits you but does no damage.
The kobold closely misses you.
You riposte.
You hit the kobold.
You kill the kobold!
The jackal barely misses you.
You miss the jackal. The kobold hits you with a short sword.
The jackal bites you.
* * * LOW HITPOINT WARNING * * *
A goblin comes into view. It is wielding a club.
You closely miss the jackal.
The goblin shouts!
You hear a bark!
The jackal closely misses you.
You riposte.
You hit the jackal.
The jackal is almost dead.
The kobold hits you with a short sword.
* * * LOW HITPOINT WARNING * * *
The jackal bites you.
* * * LOW HITPOINT WARNING * * *
You hit the jackal but do no damage.
The jackal is almost dead.
The kobold hits you with a short sword.
You die...

######......#.#########
# #+###.##.#### #
#........# #
+.......(### .
####.......# ##
#.......# .# .
#.......#.# #.....K...#
#...h@K.#.# #.#.#(#.#.#
#..........
#.#.#.#.#.#. ∆
#.......g....
###∆#.#.#.#.# ... ....
#.# #.


You could see a jackal, a goblin and 2 kobolds.

Vanquished Creatures
  A ball python (D:1)
  2 giant cockroaches (D:1)
  A hobgoblin (D:1)
  A kobold (D:1)
  A bat (D:1)
  2 rats (D:1)
8 creatures vanquished.

Notes
Turn   | Place    | Note
-------+----------+-------------------------------------------
     0 | D:1      | chorionicmirror the Gnoll Wanderer began the quest for the Orb.
     0 | D:1      | chorionicmirror set off with: a wand of flame (15), a +0 falchion, a +0 robe, a +0 dagger, a ration
     0 | D:1      | Reached XP level 1. HP: 17/17 MP: 4/4
   101 | D:1      | Reached XP level 2. HP: 19/23 MP: 5/5
   109 | D:1      | Slain by a kobold

Vault maps used:
D:1:      dpeg_arrival_pits, minmay_door_square, st_stairs_10, minmay_liquid_box

Skill      XL: |  1 |
---------------+----+-----
Fire Magic     | 2 |  2.0
Fighting       | |  2.4
Short Blades   | |  0.2
Long Blades    | |  2.4
Axes           | |  0.2
Maces & Flails | |  0.2
Polearms       | |  0.2
Staves         | |  0.2
Slings         | |  0.2
Bows           | |  0.2
Crossbows      | |  0.2
Throwing       | |  0.2
Armour         | |  0.2
Dodging        | |  0.2
Stealth        | |  4.0
Shields        | |  0.2
Unarmed Combat | |  0.2
Spellcasting   | |  2.6
Conjurations   | |  0.1
Hexes          | |  0.1
Charms         | |  5.3
Summonings     | |  0.1
Necromancy     | |  0.1
Translocations | |  0.1
Transmutations | |  0.1
Ice Magic      | |  0.1
Air Magic      | |  0.1
Earth Magic    | |  0.1
Poison Magic   | |  0.1
Invocations    | |  0.3
Evocations     | |  2.4

Action                   || total
-------------------------++-------
Melee: Falchion          ||    27
       Bite              ||     2
 Stab: Sleeping          ||     1
Armor: Robe              ||    13
Dodge: Dodged            ||    22
       Rpst.: Falchion   ||    11

Table legend:
 A = Spawn XP
 B = Non-spawn XP
 C = Spawn XP percentage of total XP
 D = Spawn monster count
 E = Non-spawn monster count
 F = Spawn count percentage of total count
 G = Total turns spent on level
                    A         B        C        D         E        F      G
               +---------+---------+-------+---------+---------+-------+---------
         Total |       0 |      13 |   0.0 |       0 |       8 |   0.0 |   109
               +---------+---------+-------+---------+---------+-------+---------
           D:1 |       0 |      13 |   0.0 |       0 |       8 |   0.0 |   109
               +---------+---------+-------+---------+---------+-------+---------
